 Dungeon Crawl Stone Soup version 0.19-a0-1834-g6b7851e (webtiles) character file.

5903 KarmaPolice the Carver (level 10, -3/80 HPs)
             Began as a Vampire Gladiator on Oct 8, 2016.
             Was a Follower of Qazlal.
             Slain by an ice beast (5 damage)
             ... on level 9 of the Dungeon.
             The game lasted 00:46:03 (17919 turns).

KarmaPolice the Carver (Vampire Gladiator)         Turns: 17919, Time: 00:46:04

Health: -3/80      AC: 10    Str: 14    XL:     10   Next: 53%
Magic:  13/13      EV:  2    Int: 13    God:    Qazlal [*.....]
Gold:   449        SH:  0    Dex: 23    Spells: 0 memorised, 9 levels left

rFire  + . .     SeeInvis +     N - +4 rapier of Ragnarok {pierce, Dex+4}
rCold  . . .     Gourm    .     w - +2 leather armour {rF+}
rNeg   + + +     Faith    .     (no shield)
rPois  .         Spirit   .     j - +1 helmet {Int+3}
rElec  .         Dismiss  .     u - +0 cloak
rCorr  .         Reflect  .     (no gloves)
MR     +....     Harm     .     r - +0 pair of boots
Stlth  +++.......               (no amulet)
                                (no ring)
                                x - ring of stealth

@: petrified
A: fangs 3, see invisible, unbreathing
a: Bat Form, Renounce Religion


You were on level 9 of the Dungeon.
You worshipped Qazlal.
Qazlal was aware of your devotion.
You were not thirsty.

You visited 2 branches of the dungeon, and saw 10 of its levels.

You collected 449 gold pieces.

Inventory:

Hand Weapons
 a - a +0 long sword
 B - a +2 dagger of venom
 N - the +4 rapier of Ragnarok (weapon) {pierce, Dex+4}
   (You found it on level 9 of the Dungeon)

   It inflicts extra damage upon your enemies.
   It affects your dexterity (+4).
Missiles
 d - 5 throwing nets (quivered)
 g - 2 curare-tipped needles
Armour
 j - a +1 helmet of intelligence (worn)
 r - a +0 pair of boots (worn)
 u - a +0 cloak (worn)
 w - a +2 leather armour of fire resistance (worn)
 E - the +1 ring mail of Vanity {rF++ Dex-2}
   (You found it on level 4 of the Dungeon)

   It affects your dexterity (-2).
   It greatly protects you from fire.
Jewellery
 b - an uncursed amulet of rage
 x - a ring of stealth (left hand)
Wands
 G - a wand of flame (20/48)
Scrolls
 h - 4 scrolls of recharging
 o - a scroll of fog
 p - 7 scrolls of remove curse
 q - a scroll of magic mapping
 s - a scroll of blinking {unknown}
 t - 7 scrolls of teleportation
 v - 5 scrolls of enchant weapon {unknown}
 y - a scroll of enchant armour {unknown}
 z - 2 scrolls of noise {unknown}
 F - 2 scrolls of amnesia {unknown}
 J - a scroll of identify
 L - a scroll of fear {unknown}
Potions
 c - 2 potions of cancellation
 e - 2 potions of blood
 f - 4 potions of curing
 i - 2 potions of brilliance {unknown}
 k - 2 potions of haste {unknown}
 l - 5 potions of ambrosia {unknown}
 m - a potion of degeneration {unknown}
 n - 3 potions of flight {unknown}
 A - 2 potions of mutation {unknown}
 C - 4 potions of heal wounds {unknown}
 D - a potion of magic {unknown}
 H - 2 potions of berserk rage {unknown}
Books
 K - a book of Minor Magic

   Spells                             Type                      Level
   a - Magic Dart                     Conjuration                  1
   b - Blink                          Translocation                2
   c - Call Imp                       Summoning                    2
   d - Repel Missiles                 Charms/Air                   2
   e - Slow                           Hexes                        2
   f - Conjure Flame                  Conjuration/Fire             3
   g - Mephitic Cloud                 Conjuration/Poison/Air       3
 M - a book of Callings

   Spells                             Type                      Level
   a - Summon Small Mammal            Summoning                    1
   b - Call Imp                       Summoning                    2
   c - Call Canine Familiar           Summoning                    3
   d - Summon Guardian Golem          Hexes/Summoning              3
   e - Summon Lightning Spire         Summoning/Air                4
   f - Summon Ice Beast               Ice/Summoning                4


   Skills:
 + Level 7.8 Fighting
 + Level 9.2 Long Blades
 - Level 1.5 Throwing
 + Level 6.5 Armour
 - Level 5.2 Dodging
 + Level 2.9 Invocations
 - Level 4.0 Evocations


You had 9 spell levels left.
You didn't know any spells.

Dungeon Overview and Level Annotations

Branches:
Dungeon (9/15)             Temple (1/1) D:5             Orc (0/2) D:9
   Lair: D:8-11

Altars:
Ashenzari
Cheibriados
Dithmenos
Elyvilon
Fedhas
Gozag
Hepliaklqana
Kikubaaqudgha
Makhleb
Nemelex Xobeh
Okawaru
Qazlal
Ru
Sif Muna
Trog
Uskayaw
Vehumet
Xom
Yredelemnul
Zin
The Shining One

Shops:
D:8 ?   D:9 [

Annotations:
D:9 Gastronok, Grum


Innate Abilities, Weirdness & Mutations

You have razor-sharp teeth.
You have supernaturally acute eyesight. (SInv)
You can survive without breathing.


Message History

The basilisk gazes at you.
You easily resist.
The wolf bites you. The wolf bites you but does no damage.
You have turned to stone.
Your surroundings suddenly seem different.
The ice beast hits you but does no damage.
The ice beast barely misses you. The ice beast hits you.
* * * LOW HITPOINT WARNING * * *
The ice beast freezes you!
* * * LOW HITPOINT WARNING * * *
The ice beast is engulfed in roaring flames.
The ice beast hits you.
* * * LOW HITPOINT WARNING * * *
The ice beast freezes you!
* * * LOW HITPOINT WARNING * * *
The ice beast is engulfed in roaring flames.
The ice beast hits you.
* * * LOW HITPOINT WARNING * * *
The ice beast freezes you!
You die...

# # ###### #########
#....#####.......##########
#.......##.......'........#######
.....##..'......Y########......Y.
.....#####......@# #########
###.## #.......# ##..# ####'####
##.## #...# #..# #'### #### #.##
#.....# .....### #.# #........
h>...... #)# #.......♣.. h..g.##.
#.# #.....Y... ..h ##


You could see an ice beast.

Vanquished Creatures
  Prince Ribbit (D:8)
  Sigmund (D:2)
  A wyvern (D:9)
  7 yaks (D:9)
  A hungry ghost (D:7)
  Menkaure (D:6)
  2 porcupines (D:9)
  An ice beast (D:9)
  3 black bears (D:8)
  2 orc warriors (D:6)
  2 sky beasts
  A necrophage (D:8)
  2 phantoms
  2 centaurs
  A crocodile (D:9)
  4 bullfrogs
  3 scorpions
  5 killer bees (D:9)
  4 wights (D:7)
  4 howler monkeys
  A jelly (D:6)
  3 crimson imps
  2 centaur zombies (D:5)
  A bullfrog zombie (D:5)
  A bullfrog skeleton (D:4)
  3 centaur skeletons
  4 hounds
  5 orc wizards
  A quasit (D:7)
  2 gnoll shamans
  3 orc priests (D:6)
  Crazy Yiuf (D:2)
  Ijyb (D:2)
  10 worker ants
  2 iguanas (D:5)
  A hound zombie (D:5)
  A howler monkey zombie (D:5)
  A worker ant zombie (D:6)
  26 gnolls
  A howler monkey skeleton (D:5)
  9 adders
  4 river rats (D:9)
  4 shadow imps
  4 oozes
  An adder skeleton (D:5)
  3 adder zombies
  3 worms (D:2)
  4 dart slugs
  6 leopard geckos
  20 orcs
  5 giant cockroaches
  9 goblins
  9 hobgoblins
  29 jackals
  8 kobolds
  5 quokkas
  6 ball pythons
  8 bats
  6 frilled lizards
  A giant cockroach zombie (D:5)
  3 jackal skeletons
  A leopard gecko skeleton (D:5)
  A leopard gecko zombie (D:5)
  A quokka skeleton (D:6)
  A quokka zombie (D:5)
  5 rats
274 creatures vanquished.

Vanquished Creatures (others)
  2 bushes (D:9)
  3 fungi (D:9)
  9 plants (D:9)
14 creatures vanquished.

Grand Total: 288 creatures vanquished

Notes
Turn   | Place    | Note
-------+----------+-------------------------------------------
     0 | D:1      | KarmaPolice the Vampire Gladiator began the quest for the Orb.
     0 | D:1      | Reached XP level 1. HP: 16/16 MP: 1/1
   149 | D:1      | Reached XP level 2. HP: 22/22 MP: 2/2
   525 | D:2      | Reached XP level 3. HP: 28/28 MP: 3/3
   650 | D:2      | Found a faded altar of an unknown god.
  1020 | D:2      | Noticed Ijyb
  1036 | D:2      | Killed Ijyb
  1036 | D:2      | Reached XP level 4. HP: 27/34 MP: 4/4
  1356 | D:2      | Reached skill level 4 in Long Blades
  1372 | D:2      | Noticed Sigmund
  2090 | D:2      | Found a runed door.
  2210 | D:1      | You are sucked into a shaft!
  2394 | D:2      | Noticed Crazy Yiuf
  2401 | D:2      | Killed Crazy Yiuf
  2401 | D:2      | Reached XP level 5. HP: 36/41 MP: 5/5
  3880 | D:3      | Reached skill level 1 in Armour
  4187 | D:2      | Killed Sigmund
  4187 | D:2      | Reached skill level 5 in Dodging
  4187 | D:2      | Reached XP level 6. HP: 16/47 MP: 6/6
  4641 | D:2      | Reached skill level 5 in Long Blades
  4965 | D:3      | Reached XP level 7. HP: 25/53 MP: 7/7
  6506 | D:4      | Got a transparent ring mail
  6613 | D:4      | Found an opulent altar of Gozag.
  7449 | D:5      | Entered Level 5 of the Dungeon
  7689 | D:5      | Reached skill level 6 in Long Blades
  7721 | D:5      | Found a white marble altar of Elyvilon.
  7793 | D:5      | Reached XP level 8. HP: 40/61 MP: 8/8
  8210 | D:5      | Reached skill level 1 in Evocations
  8272 | D:5      | Found a staircase to the Ecumenical Temple.
  8285 | Temple   | Entered the Ecumenical Temple
  8496 | D:5      | Reached skill level 5 in Fighting
  9976 | D:6      | Identified the +1 ring mail of Vanity {rF++ Dex-2} (You found it on level 4 of the Dungeon)
 10616 | D:6      | Noticed Menkaure
 10829 | D:6      | Killed Menkaure
 10829 | D:6      | Reached skill level 7 in Long Blades
 10951 | D:6      | Reached XP level 9. HP: 54/69 MP: 11/11
 11508 | D:6      | Found a bloodstained altar of Trog.
 11510 | D:6      | Found a sparkling altar of Nemelex Xobeh.
 11963 | D:6      | Found a shadowy altar of Dithmenos.
 12101 | D:7      | Found an iron altar of Okawaru.
 12547 | D:7      | Reached skill level 5 in Armour
 13788 | D:8      | Reached skill level 8 in Long Blades
 13793 | D:8      | Noticed a troll
 13970 | D:8      | Noticed Prince Ribbit
 14091 | D:8      | Killed Prince Ribbit
 14183 | D:8      | Found Lekhlecs's Magic Scroll Emporium.
 14194 | D:8      | Found a shattered altar of Ashenzari.
 14363 | D:8      | Found a stormy altar of Qazlal.
 14367 | D:8      | Found a blossoming altar of Fedhas.
 14370 | D:8      | Became a worshipper of Qazlal Stormbringer
 15102 | D:9      | Got a dazzling rapier
 15103 | D:9      | Identified the +4 rapier of Ragnarok {pierce, Dex+4} (You found it on level 9 of the Dungeon)
 15110 | D:9      | Reached XP level 10. HP: 77/79 MP: 13/13
 15296 | D:9      | Noticed Grum
 15368 | D:9      | Found a sacrificial altar of Ru.
 15405 | D:9      | Found a staircase to the Orcish Mines.
 15432 | D:9      | Noticed Gastronok
 15925 | D:9      | Reached skill level 1 in Invocations
 17207 | D:9      | Reached skill level 9 in Long Blades
 17419 | D:9      | Found Bumuuc's Antique Armour Boutique.
 17777 | D:9      | Found a hazy altar of Hepliaklqana.
 17778 | D:9      | Found an iron altar of Okawaru.
 17795 | D:9      | Reached * piety under Qazlal
 17918 | D:9      | HP: 3/80 [ice beast (4)]
 17919 | D:9      | Slain by an ice beast

Vault maps used:
D:1:      dpeg_arrival_chase
D:2:      first_bread, ecumenical_altar_1, uniq_crazy_yiuf_cottage, uniq_iyjb,
          uniq_sigmund
D:3:      lemuel_castle_with_subvaults, minmay_snake_closets
D:4:      wad_lake_hut, kennysheep_mini_moat, grunt_ministairs_7
D:5:      elyvilon_altar_3, serial_undead, serial_undead_e, serial_undead_d,
          serial_undead_f, serial_undead_f, serial_undead_b, serial_undead_d
D:6:      grunt_temple_overflow_open, uniq_menkaure
D:7:      okawaru_altar_gauntlet_db
D:8:      minmay_distorted_concentric_squares,
          grunt_temple_overflow_forces_of_nature, nicolae_ashenzari_panopticon,
          serial_shops, nicolae_shop_behind_doors, uniq_prince_ribbit1
D:9:      gammafunk_temple_overflow_wave, lemuel_round_altar,
          minmay_lair_entry_grove, orc_0_dummy, serial_shops,
          nicolae_shop_overgrown_old_shop, uniq_gastronok, uniq_grum
Temple:   dpeg_chambers_temple

Skill      XL: |  1  2  3  4  5  6  7  8  9 10 |
---------------+-------------------------------+-----
Fighting       | 2 3 4 5 7 |  7.8
Dodging        | 4 5 |  5.2
Long Blades    | 4 5 6 7 8 9 |  9.2
Armour         | 1 3 4 5 6 |  6.5
Evocations     | 3 4 |  4.0
Invocations    | 2 |  2.9
Throwing       | |  1.5

Action                   |  1- 3 |  4- 6 |  7- 9 | 10-12 || total
-------------------------+-------+-------+-------+-------++-------
Melee: Long sword        |    91 |   211 |   367 |       ||   669
       Bite              |    14 |    27 |   101 |    22 ||   164
       Unarmed           |       |       |     2 |       ||     2
       Dagger            |       |       |   265 |       ||   265
       Rapier            |       |       |     5 |   149 ||   154
Throw: Throwing net      |       |       |     2 |       ||     2
 Abil: End Transformatio |     1 |     9 |    34 |     8 ||    52
       Bat Form          |     1 |     9 |    34 |     8 ||    52
  Use: Potion            |       |     5 |    17 |     4 ||    26
       Scroll            |       |     3 |     6 |     2 ||    11
 Stab: Sleeping          |       |     8 |    24 |     1 ||    33
       Distracted        |       |       |     3 |     1 ||     4
       Held in net/web   |       |       |     1 |       ||     1
  Eat: Corpse            |       |       |     2 |     1 ||     3
Armor: Leather armour    |    27 |    72 |   166 |    36 ||   301
Dodge: Dodged            |    67 |   207 |   455 |   107 ||   836
Block: Other             |       |       |       |     2 ||     2
       Rpst.: Long sword |    19 |    70 |    84 |       ||   173
